 Dungeon Crawl Stone Soup version 0.27-a0-279-gdfb9265905 (webtiles) character file.

Game seed: 3016791035551606253

99 gimp the Digger (level 4, 0/41 HPs)
             Began as a Troll Earth Elementalist on Feb 7, 2021.
             Slain by Sigmund
             ... wielding a +0 scythe
              (10 damage)
             ... on level 3 of the Dungeon.
             The game lasted 00:03:10 (2006 turns).

gimp the Digger (Troll Earth Elementalist)          Turns: 2006, Time: 00:03:11

Health: 0/41       AC:  6    Str: 16    XL:     4   Next: 45%
Magic:  4/4        EV:  9    Int: 18    God:
Gold:   116        SH:  0    Dex: 10    Spells: 4/5 levels left

rFire    . . .     SeeInvis .     - Unarmed
rCold    . . .     Faith    .   (no shield)
rNeg     . . .     Spirit   .   c - +0 robe
rPois    .         Reflect  .   m - +0 hat
rElec    .         Harm     .   t - scarf {+Inv}
rCorr    .         Rampage  .   (gloves unavailable)
Will     .....                  (boots unavailable)
Stlth    +.........             (no amulet)
HPRegen  0.53/turn              k - +6 ring of intelligence
MPRegen  0.09/turn              (no ring)

@: confused, hasted, very quick
A: large, unfitting armour, claws 3, regeneration 1, shaggy fur 1, tough skin 3
a: Evoke Invisibility


You were on level 3 of the Dungeon.
You visited 1 branch of the dungeon, and saw 3 of its levels.

You collected 116 gold pieces.

Inventory:

Missiles
 b - 100 stones
 o - 16 poisoned darts (quivered)
Armour
 c - a +0 robe (worn)
 m - a +0 hat (worn)
 t - a scarf of invisibility (worn)
Jewellery
 k - a +6 ring of intelligence (left claw)
Scrolls
 a - a scroll of teleportation {unknown}
 e - 4 scrolls of remove curse
 f - a scroll of enchant armour {unknown}
 g - a scroll of random uselessness {unknown}
 j - a scroll of fog {unknown}
 l - a scroll of identify {unknown}
 n - a scroll of blinking {unknown}
 r - a scroll of magic mapping {unknown}
Potions
 d - a potion of heal wounds {unknown}
 h - a potion of resistance {unknown}
 i - a potion of berserk rage {unknown}
 p - a potion of haste
 q - 2 potions of flight {unknown}
 s - a potion of brilliance {unknown}


   Skills:
 + Level 1.4 Fighting
 - Level 1.5 Dodging
 - Level 1.0 Stealth
 * Level 2.8 Unarmed Combat
 - Level 1.2 Spellcasting
 - Level 0.6 Transmutations
 + Level 3.3 Earth Magic


You had 4 spell levels left.
You knew the following spells:

 Your Spells              Type           Power        Failure   Level
a - Sandblast             Erth           26%          4%          1

Your spell library contained the following spells:

 Spells                   Type           Power        Failure   Level
 Passwall                 Tmut/Erth      6%           13%         2
 Stone Arrow              Conj/Erth      14%          30%         3
 Petrify                  Tmut/Erth      8%           65%         4
 Lee's Rapid Deconstruct  Erth           6%           80%         5


Dungeon Overview and Level Annotations

Branches:
Dungeon (3/15)

Altars:

Annotations:
D:3 Sigmund


Innate Abilities, Weirdness & Mutations

You are too large for most types of armour.
You have claws for hands.
Your natural rate of healing is unusually fast.
You are covered in fur. (AC +1)
You have extremely tough skin. (AC +3)


Message History

You bump into the rock wall.
You feel less confused. The rat bites you.
You hear some strange, mumbled words.
You are confused.
You take 2 damage, and have 19/41 hp.
You closely miss the rat. The rat bites you but does no damage.
Something hits you but does no damage.
You barely miss the rat. The rat bites you but does no damage.
A magic dart appears from out of thin air!
The magic dart hits you.
You take 1 damage, and have 19/41 hp.
You bump into the rock wall.
The rat bites you. Something hits you!
* * * LOW HITPOINT WARNING * * *
You take 9 damage, and have 10/41 hp.
MASSIVE DAMAGE!!
It was a potion of haste.
You feel yourself speed up. The rat bites you but does no damage.
You barely miss the rat. You claw the rat, but do no damage.
The rat bites you but does no damage. Something hits you!
You die...

#########
#(..({.@#
#.#####r#
#.# #.#
#.# ..#
###


You could see a rat.

Vanquished Creatures
  Terence (D:2)
  A gnoll (D:1)
  2 adders (D:2)
  2 dart slugs (D:1)
  A worm (D:3)
  2 bats
  2 giant cockroaches (D:1)
  6 goblins
  4 hobgoblins
  4 jackals (D:1)
  6 kobolds
  7 rats
38 creatures vanquished.

Notes
Turn   | Place    | Note
-------+----------+-------------------------------------------
     0 | D:1      | gimp the Troll Earth Elementalist began the quest for the
                  | Orb.
     0 | D:1      | Reached XP level 1. HP: 16/16 MP: 1/1
   374 | D:1      | Reached skill level 1 in Unarmed Combat
   380 | D:1      | Reached XP level 2. HP: 24/26 MP: 2/2
   429 | D:1      | Reached skill level 3 in Earth Magic
   723 | D:1      | Reached XP level 3. HP: 32/32 MP: 3/3
   933 | D:1      | Reached skill level 1 in Fighting
  1372 | D:2      | Noticed Terence
  1384 | D:2      | Killed Terence
  1385 | D:2      | Reached XP level 4. HP: 22/41 MP: 4/4
  1984 | D:3      | Noticed Sigmund
  2006 | D:3      | Slain by Sigmund

Illustrated notes

Levels and vault maps discovered:
D:1:      psy_arrival_terrarium, layout_basic, serial_rivers,
          chequers_serial_rivers_room_a, chequers_serial_rivers_large_b,
          chequers_serial_rivers_room_a, chequers_serial_rivers_micro_e,
          chequers_serial_rivers_micro_d, kennysheep_doodads
D:2:      layout_basic, uniq_terence
D:3:      layout_basic, kb_xom_exploding_sheep, uniq_sigmund

Skill      XL: |  1  2  3 |
---------------+----------+-----
Unarmed Combat | 1 2 |  2.8
Earth Magic    | 3 |  3.3
Fighting       | 1 |  1.4
Dodging        | |  1.5
Stealth        | |  1.0
Spellcasting   | |  1.2
Transmutations | |  0.6

Action                   |  1- 3 |  4- 6 || total
-------------------------+-------+-------++-------
Melee: Unarmed           |    89 |    14 ||   103
       Punch             |       |     1 ||     1
Throw: Dart              |     7 |     7 ||    14
  Use: Scroll            |     1 |       ||     1
       Potion            |       |     1 ||     1
 Stab: Sleeping          |     3 |       ||     3
Armor: Robe              |    32 |    11 ||    43
Dodge: Dodged            |    40 |     7 ||    47

Table legend: (Time is in decaauts)
 A = Elapsed time spent in this place.
 B = Non-inter-level travel time spent in this place.
 C = Inter-level travel time spent in this place.
 D = Time resting spent in this place.
 E = Time spent auto-exploring this place.
 F = Levels seen in this place.
 G = Mean time per level.
                   A        B        C        D        E       F      G
               +--------+--------+--------+--------+--------+-----+--------+
         Total |   2031 |   1972 |     59 |      0 |   1657 |   3 |  677.0 |
       Dungeon |   2031 |   1972 |     59 |      0 |   1657 |   3 |  677.0 |
               +--------+--------+--------+--------+--------+-----+--------+

Top non-repeatable levels by time:
     D:1: 1072 daAuts
     D:2: 879 daAuts
     D:3: 79 daAuts
